AoeStats
← tenkane

Fortress

510545966Analyzed
1v1 RM · 19h ago on Oct 1, 2026· 40m 34s· 2 players
Game mode
Random Map
Map size
Small (3 player)
Population
200
Speed
Normal
Resources
Standard
Victory
Conquest
Starting age
Dark Age
Ending age
Imperial Age
RankedLock teamsTeams togetherTeam positionsShared explorationLock speedFull tech treeHidden civsTurbo modeCheats
Victory
Defeat
🇫🇮 Britons · Finland
1307
+14
🇨🇱 Mongols · Chile
1270
-14
caminando
7:38 Feudal Age
8:27 Double-Bit Axe
11:13 Castle Age
9:28 Horse Collar
9:42 Gold Mining
10:39 Fletching
12:32 Bow Saw
15:30 Fervor
19:42 Loom
20:33 Wheelbarrow
20:46 Heavy Plow
21:50 Wheelbarrow
21:18 Elite Skirmisher
26:28 Imperial Age
23:58 Fletching
24:36 Bodkin Arrow
25:52 Gold Shaft Mining
25:26 Town Watch
26:22 Padded Archer Armor
27:22 Hand Cart
27:58 Leather Archer Armor
28:13 Ballistics
28:54 Chemistry
28:54 Bracer
29:35 Thumb Ring
30:23 Stone Mining
32:40 Bloodlines
32:30 Husbandry
32:16 Capped Ram
32:27 Onager
33:53 Conscription
34:18 Nomads
34:03 Light Cavalry
34:50 Scale Barding Armor
35:25 Drill
34:48 Siege Ram
36:23 Masonry
37:12 Heavy Scorpion
40:05 Parthian Tactics
41:02 Siege Engineers
tenkane
8:23 Feudal Age
9:54 Double-Bit Axe
12:32 Castle Age
10:30 Fletching
10:47 Horse Collar
11:38 Padded Archer Armor
12:00 Gold Mining
16:35 Heavy Plow
17:06 Loom
18:01 Wheelbarrow
19:43 Town Watch
20:16 Hand Cart
21:04 Bodkin Arrow
25:35 Imperial Age
23:08 Stone Mining
23:59 Leather Archer Armor
23:45 Scale Mail Armor
23:55 Forging
24:53 Ballistics
24:44 Masonry
24:30 Murder Holes
25:23 Gold Shaft Mining
25:23 Bow Saw
26:39 Conscription
26:25 Bracer
26:55 Ring Archer Armor
27:27 Chemistry
29:48 Siege Engineers
30:13 Architecture
29:38 Murder Holes
29:24 Treadmill Crane
29:34 Man-at-Arms
30:00 Gambesons
30:15 Squires
30:00 Arson
30:33 Chain Mail Armor
30:28 Forging
31:16 Yeomen
30:19 Elite Longbowman
33:11 Two-Man Saw
32:48 Long Swordsman
34:06 Iron Casting
34:02 Plate Mail Armor
34:48 Hoardings
36:06 Blast Furnace
34:43 Two-Handed Swordsman
35:37 Champion
Connection lost

Rejoining the realm…

Still unreachable

The connection could not be restored.

Session expired

The server has moved on; the page needs a fresh start.